 Dungeon Crawl Stone Soup version 0.22-a0-877-g5c4e1af (console) character file.

805 removed the Magician (level 7, 0/59 HPs)
             Began as a Demigod Summoner on July 29, 2018.
             Slain by a worker ant (7 damage)
             ... on level 6 of the Dungeon.
             The game lasted 00:14:16 (6921 turns).

removed the Magician (Demigod Summoner)             Turns: 6921, Time: 00:14:17

Health: 0/59       AC:  2    Str: 11    XL:     7   Next: 33%
Magic:  17/17      EV: 14    Int: 23    God:
Gold:   250        SH:  0    Dex: 16    Spells: 9/15 levels left

rFire    . . .     SeeInvis .   b - +0 blowgun
rCold    . . .     Gourm    .   (no shield)
rNeg     + . .     Faith    .   d - +0 robe
rPois    .         Spirit   .   (no helmet)
rElec    .         Reflect  .   (no cloak)
rCorr    .         Harm     .   (no gloves)
MR       +....                  (no boots)
Stlth    ++........             (no amulet)
HPRegen  0.19/turn              n - ring of positive energy
MPRegen  0.15/turn              y - ring of protection from magic

@: lethally poisoned (0 -> -6)
A: high mp 1
a: no special abilities


You were on level 6 of the Dungeon.
You were not hungry.

You visited 1 branch of the dungeon, and saw 6 of its levels.

You collected 250 gold pieces.

Inventory:

Hand Weapons
 a - a +0 spear
 b - a +0 blowgun (weapon)
 j - a +0 short sword
 N - a +0 morningstar
Missiles
 B - 6 poisoned needles (quivered)
Armour
 d - a +0 robe (worn)
 l - a cursed +0 ring mail
Magical Staves
 K - an uncursed staff of energy
Jewellery
 n - a ring of positive energy (left hand)
 y - a ring of protection from magic (right hand)
Wands
 L - a wand of polymorph (12)
Scrolls
 g - a scroll of random uselessness {unknown}
 i - a scroll of fear {unknown}
 o - a scroll of enchant armour {unknown}
 v - 3 scrolls of teleportation {unknown}
 w - 3 scrolls of remove curse {unknown}
 D - 2 scrolls of noise {unknown}
 F - 2 scrolls of magic mapping {unknown}
 H - a scroll of blinking {unknown}
 I - a scroll of immolation {unknown}
Potions
 e - 2 potions of cancellation
 f - a potion of agility
 p - 2 potions of mutation
 q - a potion of brilliance
 r - a potion of flight
 s - 3 potions of curing
 u - a potion of degeneration {unknown}
 x - a potion of heal wounds
 E - a potion of lignification {unknown}
 P - a potion of experience {unknown}
Comestibles
 c - 14 rations
 Q - a chunk of flesh


   Skills:
 - Level 4.0 Fighting
 - Level 4.0 Dodging
 - Level 2.0 Stealth
 + Level 4.9 Spellcasting
 - Level 4.0 Summonings


You had 9 spell levels left.
You knew the following spells:

 Your Spells              Type           Power        Failure   Level  Hunger
a - Summon Small Mammal   Summ           ###.         1%          1    None
b - Call Imp              Summ           ###.....     2%          2    None
c - Call Canine Familiar  Summ           ###.....     5%          3    ##.....

Your spell library contained the following spells:

 Spells                   Type           Power        Failure   Level  Hunger
 Summon Ice Beast         Ice/Summ       ##......     38%         4    ####...
 Summon Lightning Spire   Summ/Air       ##......     38%         4    ####...
 Summon Guardian Golem    Hex/Summ       ##......     13%         3    ##.....


Dungeon Overview and Level Annotations

Branches:
Dungeon (6/15)             Temple (0/1) D:5

Shops:
D:5 [

Annotations:
D:3 Purgy
D:4 exclusions: big kobold and 2 slaves, Pikel


Innate Abilities, Weirdness & Mutations

You have an increased reservoir of magic. (+10% MP)


Message History

Firing (i - inventory)
B - 8 poisoned needles (quivered)
Press: ? - help, Shift-Dir - straight line, f/p - worker ant
Aim: a worker ant (heavily wounded)
You shoot a poisoned needle.
The poisoned needle closely misses the worker ant.
* * * LOW HITPOINT WARNING * * *
You feel sick. The worker ant barely misses you.
Firing (i - inventory)
B - 7 poisoned needles (quivered)
Press: ? - help, Shift-Dir - straight line, f/p - worker ant
Aim: a worker ant (heavily wounded)
You shoot a poisoned needle.
The poisoned needle hits the worker ant.
The worker ant is poisoned.
The worker ant is heavily wounded.
* * * LOW HITPOINT WARNING * * *
You feel sick. The worker ant closely misses you.
* * * LOW HITPOINT WARNING * * *
You feel sick. The worker ant bites you!
You die...

#.....#..##..## #(###
#.####..######... # ##.#
##((........ #.
###..#####).######.. ..
##...##......#
#.#[.####.####<#
##.(.###...# #.#
#........######a#####
.....###### #..@....#
### .....
######.......###.#######
..##.
.............#...##.[..#
.. #.
#####.......#^#.hh....#
. ## #......<..####....#
#.......### #....#
#####.### ##.h..# ###..#
#.....# .. ##...##
#.#####


You could see a worker ant.

Vanquished Creatures
  A phantom (D:5)
  An ogre (D:5)
  Blork the orc (D:5)
  A scorpion (D:4)
  4 worker ants
  An ooze (D:2)
  An adder zombie (D:5)
  3 worms
  A dart slug (D:1)
  2 leopard geckos
  3 orcs (D:5)
  A ball python (D:4)
  5 giant cockroaches
  2 goblins
  5 hobgoblins
  A jackal (D:1)
  2 kobolds
  3 bats
  5 frilled lizards
  A leopard gecko skeleton (D:4)
  9 rats
53 creatures vanquished.

Vanquished Creatures (collateral kills)
  A phantom (D:5)
  2 ice beasts
  An ogre (D:6)
  A bullfrog (D:6)
  A centaur zombie (D:5)
  An orc priest (D:5)
  A jelly (D:5)
  2 orc wizards
  A centaur skeleton (D:6)
  An iguana (D:6)
  A worker ant (D:5)
  3 adders
  A shadow imp (D:5)
  2 oozes
  An adder skeleton (D:5)
  4 worms
  A leopard gecko (D:6)
  3 orcs
  2 bats
  2 hobgoblins (D:1)
  A jackal (D:1)
  3 frilled lizards
  2 goblins
  3 kobolds
  3 rats
44 creatures vanquished.

Grand Total: 97 creatures vanquished

Notes
Turn   | Place    | Note
-------+----------+-------------------------------------------
     0 | D:1      | removed the Demigod Summoner began the quest for the Orb.
     0 | D:1      | Reached XP level 1. HP: 14/14 MP: 5/5
   597 | D:1      | Reached XP level 2. HP: 19/20 MP: 4/7
  1303 | D:2      | Reached XP level 3. HP: 26/26 MP: 5/9
  1836 | D:2      | Learned a level 2 spell: Call Imp
  2117 | D:3      | Noticed Purgy
  2165 | D:3      | Found a sacrificial altar of Ru.
  2226 | D:3      | Reached XP level 4. HP: 33/33 MP: 11/11
  3156 | D:4      | Noticed a big kobold
  3225 | D:4      | Noticed Pikel
  3230 | D:4      | Noticed a slave
  3388 | D:4      | Reached skill level 1 in Fighting
  3388 | D:4      | Reached XP level 5. HP: 40/40 MP: 14/14
  3907 | D:4      | Learned a level 3 spell: Call Canine Familiar
  4009 | D:4      | Noticed a slave
  4018 | D:5      | Entered Level 5 of the Dungeon
  4151 | D:5      | Found a blossoming altar of Fedhas.
  4414 | D:5      | Noticed an ogre
  4466 | D:5      | Killed an ogre
  4466 | D:5      | Reached XP level 6. HP: 51/51 MP: 15/15
  4565 | D:5      | Found a shattered altar of Ashenzari.
  4565 | D:5      | Found a shimmering altar of Xom.
  4919 | D:5      | Found a staircase to the Ecumenical Temple.
  4984 | D:5      | Noticed Blork the orc
  4995 | D:5      | Killed Blork the orc
  5429 | D:5      | Found Xitath's Armour Shop.
  5745 | D:5      | Found a glowing silver altar of Zin.
  5947 | D:5      | Reached XP level 7. HP: 27/58 MP: 8/16
  6921 | D:6      | Slain by a worker ant

Vault maps used:
D:1:      lemuel_arrival_broad_hall
D:2:      first_ration, minmay_crystal_water
D:3:      nicolae_ru_great_annihilating_truth, uniq_purgy
D:4:      uniq_pikel
D:5:      lemuel_round_altar, grunt_temple_overflow_diamond,
          minmay_temple_entry_statues_fountains, serial_shops, shop,
          uniq_blork_the_orc

Skill      XL: |  1  2  3  4  5  6  7 |
---------------+----------------------+-----
Stealth        | 2 |  2.0
Summonings     | 4 |  4.0
Spellcasting   | 2 3 4 |  4.9
Fighting       | 1 3 4 |  4.0
Dodging        | 4 |  4.0

Action                   |  1- 3 |  4- 6 |  7- 9 || total
-------------------------+-------+-------+-------++-------
Melee: Short sword       |    22 |       |       ||    22
       Spear             |    57 |   152 |    53 ||   262
 Fire: Blowgun           |       |    39 |     8 ||    47
 Cast: Summon Small Mamm |    52 |    32 |     3 ||    87
       Call Imp          |       |    23 |     6 ||    29
       Call Canine Famil |       |     8 |     3 ||    11
  Use: Scroll            |     3 |       |     2 ||     5
       Potion            |       |     1 |       ||     1
 Stab: Sleeping          |     6 |     4 |     2 ||    12
       Distracted        |     1 |     1 |     1 ||     3
       Paralysed         |       |     1 |       ||     1
  Eat: Chunk             |     4 |    12 |     4 ||    20
Armor: Robe              |     8 |    14 |     5 ||    27
Dodge: Dodged            |    38 |    86 |    37 ||   161

Table legend:
 A = Spawn XP
 B = Non-spawn XP
 C = Spawn XP percentage of total XP
 D = Spawn monster count
 E = Non-spawn monster count
 F = Spawn count percentage of total count
 G = Total turns spent on level
                    A         B        C        D         E        F      G
               +---------+---------+-------+---------+---------+-------+---------
         Total |       0 |    1151 |   0.0 |       0 |      97 |   0.0 |  6921
               +---------+---------+-------+---------+---------+-------+---------
           D:1 |       0 |      38 |   0.0 |       0 |      24 |   0.0 |  1025
           D:2 |       0 |      46 |   0.0 |       0 |      17 |   0.0 |  1168
           D:3 |       0 |      46 |   0.0 |       0 |      11 |   0.0 |   928
           D:4 |       0 |     186 |   0.0 |       0 |      10 |   0.0 |  1090
           D:5 |       0 |     596 |   0.0 |       0 |      29 |   0.0 |  2134
           D:6 |       0 |     239 |   0.0 |       0 |       6 |   0.0 |   576
               +---------+---------+-------+---------+---------+-------+---------
